 Dungeon Sprint DCSS version 0.17-b1-15-g0f5fb43 (webtiles) character file.

332 Kidiri the Covert (level 6, 0/32 HPs)
             Began as a Spriggan Enchanter on Nov 2, 2015.
             Was an Initiate of Dithmenos.
             Slain by a spatial vortex (26 damage)
             ... in the Dungeon (Sprint III: "The Ten Rune Challenge").
             The game lasted 00:04:38 (451 turns).

Kidiri the Covert (Spriggan Enchanter)               Turns: 451, Time: 00:04:38

Health: 0/32       AC:  3    Str:  4    XL:     6   Next: 26%
Magic:  1/18       EV: 25    Int: 17    God:    Dithmenos [......]
Gold:   16         SH:  0    Dex: 20    Spells: 5 memorised, 7 levels left

rFire  . . .     SeeInvis +     a - +1 dagger
rCold  . . .     Clarity  .     b - +1 robe
rNeg   . . .     SustAt   .     (shield restricted)
rPois  .         Gourm    .     (helmet restricted)
rElec  +         Spirit   .     (no cloak)
rCorr  .         Warding  .     (gloves unavailable)
rMut   .         NoTele   +     (boots unavailable)
MR     +....                    (no amulet)
Stlth  ++++++....               (no ring)
                                (no ring)

@: very quick, somewhat resistant to hostile enchantments, very stealthy
A: unfitting armour, thin skeletal structure 1, see invisible, herbivore 3,
speed 3, high mp 1, screaming 1, electricity resistance, slow metabolism 2
a: Renounce Religion


You were in the Dungeon.
You worshipped Dithmenos.
Dithmenos was noncommittal.
You were not hungry.

You visited 1 branch You collected 16 gold pieces.

Inventory:

Hand Weapons
 a - a +1 dagger (weapon)
Armour
 b - a +1 robe (worn)
Scrolls
 j - 2 scrolls of blinking
 l - a scroll of immolation {unknown}
 m - a scroll of magic mapping {unknown}
 q - a scroll of torment {unknown}
 r - a scroll of identify {unknown}
 s - 2 scrolls of remove curse
Potions
 e - a potion of curing
 f - a potion of heal wounds
 g - a potion of haste
 h - 2 potions of magic
 o - a potion of cure mutation {unknown}
 p - 3 potions of flight
 u - a potion of invisibility {unknown}
Books
 c - a book of Maledictions

   Spells                             Type                      Level
   a - Corona                         Hexes                        1
   b - Ensorcelled Hibernation        Hexes/Ice                    2
   c - Confuse                        Hexes                        3
   d - Tukima's Dance                 Hexes                        3
   e - Dazzling Spray                 Conjuration/Hexes            3
Comestibles
 d - a bread ration
 n - 2 royal jellies
 t - 3 fruits


   Skills:
 + Level 2.8 Fighting
 * Level 6.0 Short Blades
 + Level 2.3 Armour
 * Level 8.0 Dodging
 * Level 9.4 Stealth
 * Level 7.0 Spellcasting
 + Level 2.0 Conjurations
 + Level 5.9 Hexes
 + Level 2.5 Ice Magic
 + Level 0.0 Invocations


You had 7 spell levels left.
You knew the following spells:

 Your Spells              Type           Power        Failure   Level  Hunger
a - Corona                Hex            ####...      1%          1    None
b - Ensorcelled Hibernat  Hex/Ice        ###...       3%          2    None
c - Confuse               Hex            ####....     3%          3    ##.....
d - Tukima's Dance        Hex            ####....     3%          3    ##.....
e - Dazzling Spray        Conj/Hex       ###.....     10%         3    ##.....


Dungeon Overview and Level Annotations

Branches:
Dungeon (1/1)

Altars:
Dithmenos
Gozag
Makhleb
Nemelex Xobeh
Qazlal
Ru
Xom
Jiyva
Lugonu


Innate Abilities, Weirdness & Mutations

You are tiny and cannot use many weapons and most armour.
You have supernaturally acute eyesight.
You are a herbivore.
You cover ground extremely quickly.
You need consume almost no food.
You have a somewhat thin skeletal structure (Dex +2, Stealth).
You have an increased reservoir of magic (+10% MP).
You occasionally shout uncontrollably at your foes.
You are resistant to electric shocks.


Message History

The spatial vortex is heavily damaged.
Casting: Dazzling Spray
Confirm with . or Enter, or press ? or * to list all spells.
Aiming: Dazzling Spray
Press: ? - help, Shift-Dir - straight line, f/p - spatial vortex
Aim: a spatial vortex (heavily damaged)
The spray of energy hits the spatial vortex.
The spatial vortex is severely damaged.
Unknown command.
Casting: Dazzling Spray
Confirm with . or Enter, or press ? or * to list all spells.
Aiming: Dazzling Spray
Press: ? - help, Shift-Dir - straight line, f/p - spatial vortex
Aim: a spatial vortex (severely damaged)
The spray of energy hits the spatial vortex.
The spatial vortex is severely damaged.
Unknown command.
The spatial vortex hits you!!
Ouch! That really hurt!
You die...

▓▓▓ ##.# ####..#
#..#..#
#..#..###+#+###+##
##+#..#..........#
###...'.⌠.......v#
###...#...######@#
##....#.⌠.#__#...#
#.....#...#__#...#
......#+###__#...#
#.....# #__#...+
##....# #_.+...#
▓▓▓▓▓▓ ▓▓▓▓▓▓▓▓


You could see a spatial vortex.

Vanquished Creatures
  A shadow (D)
  A water elemental (D)
  A scorpion (D)
  A jelly (D)
  Jessica (D)
  A human (D)
  2 oozes (D)
  A rat (D)
9 creatures vanquished.

Vanquished Creatures (others)
  2 draconian scorchers (D)
  2 fire drakes (D)
  2 plants (D)
6 creatures vanquished.

Grand Total: 15 creatures vanquished

Notes
Turn   | Place    | Note
--------------------------------------------------------------
     0 | D        | Kidiri the Spriggan Enchanter began the quest for the Orb.
     0 | D        | Reached XP level 1. HP: 9/9 MP: 5/5
     9 | D        | Reached skill level 5 in Stealth
    11 | D        | Reached skill level 1 in Fighting
    11 | D        | Reached XP level 2. HP: 12/14 MP: 7/7
    15 | D        | Learned a level 2 spell: Ensorcelled Hibernation
    65 | D        | Noticed Jessica
    69 | D        | Killed Jessica
    69 | D        | Reached skill level 6 in Stealth
    69 | D        | Reached XP level 3. HP: 18/18 MP: 7/9
    74 | D        | Learned a level 3 spell: Confuse
    78 | D        | Learned a level 3 spell: Dazzling Spray
    99 | D        | Noticed a scorpion
   131 | D        | Killed a scorpion
   131 | D        | Reached skill level 1 in Armour
   131 | D        | Reached skill level 5 in Dodging
   131 | D        | Reached skill level 1 in Ice Magic
   131 | D        | Reached XP level 4. HP: 20/23 MP: 2/11
   136 | D        | Learned a level 3 spell: Tukima's Dance
   188 | D        | Killed a white draconian scorcher
   217 | D        | Reached skill level 7 in Stealth
   217 | D        | Reached skill level 5 in Spellcasting
   229 | D        | Killed a fire drake
   230 | D        | Killed a white draconian scorcher
   233 | D        | Gained mutation: You have an increased reservoir of magic (+10% MP). [potion of mutation]
   233 | D        | Gained mutation: You are resistant to electric shocks. [potion of mutation]
   233 | D        | Gained mutation: Your mind is acute. (Int +2) [potion of mutation]
   234 | D        | Lost mutation: Your mind is acute. (Int +2) [potion of mutation]
   234 | D        | Gained mutation: You have a somewhat thin skeletal structure (Dex +2, Stealth). [potion of mutation]
   234 | D        | Gained mutation: You occasionally shout uncontrollably at your foes. [potion of mutation]
   252 | D        | Noticed a water elemental
   281 | D        | Killed a water elemental
   281 | D        | Reached skill level 1 in Conjurations
   281 | D        | Reached skill level 5 in Hexes
   281 | D        | Reached XP level 5. HP: 26/26 MP: 0/15
   293 | D        | Killed a fire drake
   403 | D        | Noticed a jelly
   404 | D        | Noticed a shadow
   406 | D        | Killed a shadow
   406 | D        | Reached skill level 5 in Short Blades
   406 | D        | Reached skill level 9 in Stealth
   406 | D        | Reached XP level 6. HP: 30/32 MP: 16/18
   410 | D        | Killed a jelly
   428 | D        | Found a stormy altar of Qazlal.
   429 | D        | Found a sacrificial altar of Ru.
   429 | D        | Found a burning altar of Makhleb.
   429 | D        | Found a viscous altar of Jiyva.
   429 | D        | Found a shimmering altar of Xom.
   429 | D        | Found a shadowy altar of Dithmenos.
   429 | D        | Found a sparkling altar of Nemelex Xobeh.
   429 | D        | Found a corrupted altar of Lugonu.
   429 | D        | Found an opulent altar of Gozag.
   429 | D        | Noticed a spatial vortex
   434 | D        | Became a worshipper of Dithmenos the Shadowed
   451 | D        | Slain by a spatial vortex

Action                   |  1- 3 |  4- 6 || total
-------------------------+-------+-------++-------
Melee: Dagger            |     6 |     8 ||    14
 Cast: Ensorcelled Hiber |     4 |     1 ||     5
       Dazzling Spray    |       |    10 ||    10
  Use: Potion            |       |     3 ||     3
 Stab: Sleeping          |     5 |     3 ||     8
